MapleLeafs vs Oilers

Created - Monday, March 16, 2015 at 23:41

Goals
1 2 3 T
MapleLeafs 0 1 0 1
Oilers 3 1 0 4
Shots
1 2 3 T
MapleLeafs 11 8 13 32
Oilers 13 9 6 28

1st period

1. Oilers , Mikkel Boedker 21 (Kimmo Timonen, Shane Doan) at 5:50 (PP)
2. Oilers , Nicklas Backstrom 27 (Patrick Sharp) at 13:31 (PP)
3. Oilers , Andrew Ladd 19 (Patrick Sharp, Nicklas Backstrom) at 18:20 (PP)

Penalties :
Jarred Tinordi (Tor) for Tripping (Minor) at 4:25, Matt Beleskey (Tor) for Hooking (Minor) at 13:13, Ryan Kesler (Tor) for Roughing (Minor) at 18:16

2nd period

4. MapleLeafs , Karl Alzner 7 (Lee Stempniak, Brandon Sutter) at 8:31
5. Oilers , Alexander Semin 38 (Andrew Ladd, Nicklas Backstrom) at 15:23 (PP)

Penalties :
James Neal (Tor) for Hooking (Minor) at 14:51

3rd period

No Goal

Penalties :
Jarred Tinordi (Tor) for Tripping (Minor) at 3:39, Carl Gunnarsson (Tor) for Head-butting (Major / Game Misconduct) at 12:14

Goalie Stats

Cory Schneider (Tor), 24 saves from 28 shots - (0.857), L, 35-12-10, 60:00 minutes
Roberto Luongo (Edm), 31 saves from 32 shots - (0.969), W, 38-6-7, 60:00 minutes

Players Stats for MapleLeafs

Player Name              G  A  P  +/- PIM S  H  SB GA TA FO     MP     PP MP  PK MP  
------------------------------------------------------------------------------------
Alexander Steen          0  0  0   0  0   0  1  0  0  1  1/1    17:23   0:00   4:22 
Brandon Sutter           0  1  1   1  0   2  1  1  0  1  4/9    14:40   0:00   4:26 
Carl Gunnarsson          0  0  0   0  15  1  2  1  0  0  0/0    16:13   0:00   1:17 
Chris Kunitz             0  0  0   0  0   5  1  0  2  0  1/3    16:38   0:00   0:47 
Dan Girardi              0  0  0   0  0   2  2  3  0  1  0/0    23:50   0:00   5:15 
Dominic Moore            0  0  0   0  0   3  0  0  2  0  0/0    11:33   0:00   0:00 
Drew Doughty             0  0  0   0  0   4  3  2  1  2  0/0    24:19   0:00   5:44 
Gregory Campbell         0  0  0   1  0   0  0  0  1  0  0/0    14:12   0:00   3:54 
James Neal               0  0  0   0  2   3  1  0  1  0  1/1    16:04   0:00   0:00 
James van Riemsdyk       0  0  0   0  0   2  2  0  0  0  0/0    12:47   0:00   0:00 
Jarred Tinordi           0  0  0   0  4   0  2  1  0  0  0/0    17:27   0:00   1:27 
Joe Thornton             0  0  0   0  0   0  0  1  1  0  5/8    15:51   0:00   0:00 
Karl Alzner              1  0  1   1  0   3  0  4  0  3  0/0    20:26   0:00   4:02 
Lee Stempniak            0  1  1   1  0   2  0  0  0  0  0/0    10:00   0:00   0:00 
Marc-Edouard Vlasic      0  0  0   1  0   0  0  0  0  1  0/0    18:00   0:00   0:49 
Matt Beleskey            0  0  0   0  2   1  1  1  2  0  0/0    11:32   0:00   0:00 
Ryan Kesler              0  0  0   0  2   4  2  1  2  0  3/6    16:54   0:00   3:50 
Zack Smith               0  0  0   0  0   0  2  0  2  0  6/8    12:48   0:00   1:15 

Players Stats for Oilers

Player Name              G  A  P  +/- PIM S  H  SB GA TA FO     MP     PP MP  PK MP  
------------------------------------------------------------------------------------
Alexander Edler          0  0  0   0  0   0  3  0  0  2  0/0    18:08   0:46   0:00 
Alexander Semin          1  0  1   0  0   1  0  0  1  1  0/1    19:04   4:25   0:00 
Andrej Sekera            0  0  0   0  0   0  1  0  1  1  0/0    23:04   5:34   0:00 
Andrew Ladd              1  1  2   0  0   4  3  0  3  0  0/0    18:12   5:37   0:00 
Andrew MacDonald         0  0  0   0  0   0  0  3  0  0  0/0    16:42   0:00   0:00 
Brad Richardson          0  0  0  -1  0   1  0  2  0  0  3/4    11:09   0:50   0:00 
Darren Helm              0  0  0  -1  0   0  0  1  4  0  0/2    11:33   1:14   0:00 
David Desharnais         0  0  0   0  0   5  0  2  0  0  3/9    16:55   4:02   0:00 
David Schlemko           0  0  0  -1  0   0  3  0  1  0  0/0    16:22   0:00   0:00 
Kimmo Timonen            0  1  1   0  0   4  3  3  0  4  0/0    20:34   3:43   0:00 
Mikkel Boedker           1  0  1   0  0   1  0  0  2  0  0/0    16:58   3:40   0:00 
Nick Bonino              0  0  0   0  0   2  2  1  2  0  0/0    12:52   0:00   0:00 
Nicklas Backstrom        1  2  3   0  0   5  0  1  2  0  6/16   19:04   4:25   0:00 
Patrick Sharp            0  2  2   0  0   0  1  0  3  0  0/0    19:03   4:24   0:00 
Raphael Diaz             0  0  0  -1  0   1  0  0  0  1  0/0    16:22   0:00   0:00 
Shane Doan               0  1  1   0  0   2  5  0  1  0  0/0    16:55   4:02   0:00 
Trevor Lewis             0  0  0  -1  0   1  1  1  1  0  0/0    10:19   0:00   0:00 
Vladimir Sobotka         0  0  0   0  0   1  2  0  1  1  3/4    16:44   3:43   0:00 

3 Stars

1 - Roberto Luongo (Edm)
2 - Nicklas Backstrom (Edm)
3 - Andrew Ladd (Edm)

Power Play

MapleLeafs - 0 on 0 Attempt(s) - 0.00%
Oilers - 4 on 6 Attempt(s) - 66.67%

Penalty Kill

MapleLeafs - 2 on 6 Attempt(s) - 33.33% - Score 0 goal in Penalty Kill
Oilers - 0 on 0 Attempt(s) - 0.00% - Score 0 goal in Penalty Kill

Team Stat

MapleLeafs - Hits : 20 - Faceoff Wins : 21 - Blocked Shots : 15 - Penalty Minutes : 25
Oilers - Hits : 24 - Faceoff Wins : 15 - Blocked Shots : 14 - Penalty Minutes : 0

Official

Referees : Unknown
Linesman : Unknown

Game Notes

Carl Gunnarsson ejected from game at 12:14 of 3rd period

Finance

Level 1 -- Attendance: 4510 (75.17%) -- Ticket Income $405,900
Level 2 -- Attendance: 4026 (80.52%) -- Ticket Income $233,508
Level 3 -- Attendance: 1766 (88.30%) -- Ticket Income $52,980
Level 4 -- Attendance: 3148 (78.70%) -- Ticket Income $59,812
Luxury Box -- Attendance: 787 (78.70%) -- Ticket Income $145,595
Game was played at the Rexall Place'
Total Attendance: 14237 (79.09%)
Total Ticket Income: $897,795
Other Income: $439,920
Total Income: $1,337,715

MapleLeafs

5 vs 5 Forward 
   Center                   Left Wing                Right Wing               Time % Phy DF OF 
 1 Joe Thornton             Chris Kunitz             James Neal               35     0   2  3  
 2 Ryan Kesler              Alexander Steen          James van Riemsdyk       30     1   2  2  
 3 Brandon Sutter           Gregory Campbell         Lee Stempniak            20     1   2  2  
 4 Zack Smith               Dominic Moore            Matt Beleskey            15     1   3  1  

5 vs 5 Defense 
   Defense                  Defense                                           Time % Phy DF OF 
 1 Drew Doughty             Dan Girardi                                       40     1   2  2  
 2 Karl Alzner              Marc-Edouard Vlasic                               35     1   2  2  
 3 Carl Gunnarsson          Jarred Tinordi                                    25     1   3  1  
 4 Drew Doughty             Dan Girardi                                       0      1   2  2  

PowerPlay Forward 
   Center                   Left Wing                Right Wing               Time % Phy DF OF 
 1 Joe Thornton             Alexander Steen          James Neal               60     0   1  4  
 2 Ryan Kesler              Chris Kunitz             James van Riemsdyk       40     0   1  4  

PowerPlay Defense
   Defense                  Defense                                           Time % Phy DF OF 
 1 Drew Doughty             Dan Girardi                                       55     0   1  4  
 2 Karl Alzner              Marc-Edouard Vlasic                               45     0   1  4  

Penalty Kill 4 Players Forward 
   Center                   Wing                     Time % Phy DF OF 
 1 Brandon Sutter           Alexander Steen          50     0   4  1  
 2 Ryan Kesler              Gregory Campbell         50     0   4  1  

Penalty Kill 4 Players Defense
   Defense                  Defense                  Time % Phy DF OF 
 1 Drew Doughty             Dan Girardi              50     1   3  1  
 2 Karl Alzner              Carl Gunnarsson          50     1   3  1  

Penalty Kill - 3 Players Forward 
   Forward                                           Time % Phy DF OF 
 1 Brandon Sutter                                    50     0   5  0  
 2 Ryan Kesler                                       50     0   5  0  

Penalty Kill - 3 Players Defense
   Defense                  Defense                  Time % Phy DF OF 
 1 Drew Doughty             Dan Girardi              50     0   5  0  
 2 Karl Alzner              Carl Gunnarsson          50     0   5  0  

4 vs 4 Forward 
   Center                   Wing                     Time % Phy DF OF 
 1 Joe Thornton             Alexander Steen          50     0   2  3  
 2 Ryan Kesler              James Neal               50     0   2  3  

4 vs 4 Defense
   Defense                  Defense                  Time % Phy DF OF 
 1 Drew Doughty             Dan Girardi              50     1   2  2  
 2 Karl Alzner              Marc-Edouard Vlasic      50     1   2  2  

Last Minutes Offensive
   Center                   Left Wing                Right Wing               Defense                  Defense                  
   Joe Thornton             Alexander Steen          Ryan Kesler              Drew Doughty             Dan Girardi              

Last Minutes Defensive
   Center                   Left Wing                Right Wing               Defense                  Defense                  
   Joe Thornton             Alexander Steen          Ryan Kesler              Drew Doughty             Dan Girardi              

Goaltenders
Starting : Cory Schneider           
Backup : Evgeni Nabokov           

Extra Forwards
Normal : Brandon Sutter, Lee Stempniak, Zack Smith - PP : Brandon Sutter, Lee Stempniak - PK : Zack Smith
Extra Defensemen
Normal : Carl Gunnarsson, Jarred Tinordi, Marc-Edouard Vlasic - PP : Marc-Edouard Vlasic - PK : Carl Gunnarsson, Jarred Tinordi
Penalty Shots
Joe Thornton, Alexander Steen, Ryan Kesler, James van Riemsdyk, Chris Kunitz

Oilers

5 vs 5 Forward 
   Center                   Left Wing                Right Wing               Time % Phy DF OF 
 1 Nicklas Backstrom        Patrick Sharp            Alexander Semin          35     0   1  4  
 2 David Desharnais         Andrew Ladd              Shane Doan               30     0   1  4  
 3 Vladimir Sobotka         Nick Bonino              Mikkel Boedker           30     0   1  4  
 4 Brad Richardson          Darren Helm              Trevor Lewis             5      1   2  2  

5 vs 5 Defense 
   Defense                  Defense                                           Time % Phy DF OF 
 1 Andrew MacDonald         Kimmo Timonen                                     35     1   4  0  
 2 Andrej Sekera            Alexander Edler                                   35     1   4  0  
 3 Raphael Diaz             David Schlemko                                    30     1   4  0  
 4 Andrew MacDonald         Kimmo Timonen                                     0      1   4  0  

PowerPlay Forward 
   Center                   Left Wing                Right Wing               Time % Phy DF OF 
 1 Nicklas Backstrom        Patrick Sharp            Alexander Semin          55     0   1  4  
 2 David Desharnais         Mikkel Boedker           Shane Doan               45     0   1  4  

PowerPlay Defense
   Defense                  Defense                                           Time % Phy DF OF 
 1 Andrej Sekera            Andrew Ladd                                       55     1   2  2  
 2 Vladimir Sobotka         Kimmo Timonen                                     45     1   2  2  

Penalty Kill 4 Players Forward 
   Center                   Wing                     Time % Phy DF OF 
 1 Brad Richardson          Darren Helm              60     1   4  0  
 2 Vladimir Sobotka         Andrew Ladd              40     1   4  0  

Penalty Kill 4 Players Defense
   Defense                  Defense                  Time % Phy DF OF 
 1 Andrew MacDonald         Kimmo Timonen            50     1   4  0  
 2 Andrej Sekera            Alexander Edler          50     1   4  0  

Penalty Kill - 3 Players Forward 
   Forward                                           Time % Phy DF OF 
 1 Brad Richardson                                   50     1   4  0  
 2 Vladimir Sobotka                                  50     1   4  0  

Penalty Kill - 3 Players Defense
   Defense                  Defense                  Time % Phy DF OF 
 1 Andrew MacDonald         Kimmo Timonen            50     1   4  0  
 2 Andrej Sekera            Alexander Edler          50     1   4  0  

4 vs 4 Forward 
   Center                   Wing                     Time % Phy DF OF 
 1 Nicklas Backstrom        Darren Helm              55     0   1  4  
 2 David Desharnais         Patrick Sharp            45     0   1  4  

4 vs 4 Defense
   Defense                  Defense                  Time % Phy DF OF 
 1 Andrew MacDonald         Kimmo Timonen            50     1   4  0  
 2 Andrej Sekera            Alexander Edler          50     1   4  0  

Last Minutes Offensive
   Center                   Left Wing                Right Wing               Defense                  Defense                  
   David Desharnais         Patrick Sharp            Alexander Semin          Nicklas Backstrom        Andrew Ladd              

Last Minutes Defensive
   Center                   Left Wing                Right Wing               Defense                  Defense                  
   Vladimir Sobotka         Andrew Ladd              Brad Richardson          Andrew MacDonald         Kimmo Timonen            

Goaltenders
Starting : Roberto Luongo           
Backup : Jean-Sebastien Giguere   

Extra Forwards
Normal : Nicklas Backstrom, Patrick Sharp, Shane Doan - PP : Nicklas Backstrom, Patrick Sharp - PK : Brad Richardson
Extra Defensemen
Normal : Raphael Diaz, David Schlemko, Andrej Sekera - PP : Andrej Sekera - PK : Raphael Diaz, David Schlemko
Penalty Shots
David Desharnais, Andrew Ladd, Nick Bonino, Nicklas Backstrom, Mikkel Boedker

% Time on Ice - MapleLeafs

Lines # - Real PCT - Wanted PCT - Time Play
Normal Forward
1 - 32% - 35% - 16:05
2 - 26% - 30% - 13:05
3 - 20% - 20% - 10:00
4 - 23% - 15% - 11:33
Normal Defense
1 - 37% - 40% - 18:35
2 - 32% - 35% - 16:24
3 - 31% - 25% - 15:44
4 - 0% - 0% - 0:00
PP Forward
1 - 0% - 60%
2 - 0% - 40%
PP Defense
1 - 0% - 55%
2 - 0% - 45%
PK Forward
1 - 48% - 50% - 4:26
2 - 52% - 50% - 4:51
PK Defense
1 - 44% - 50% - 4:04
2 - 56% - 50% - 5:13
PK3 Forward
1 - 0% - 50%
2 - 0% - 50%
PK3 Defense
1 - 0% - 50%
2 - 0% - 50%
44 Forward
1 - 0% - 50%
2 - 0% - 50%
44 Defense
1 - 0% - 50%
2 - 0% - 50%
Last Minute Offensive  - 0:00
Last Minute Defensive  - 0:00
Total
Forward - 60:00
Defense - 60:00

% Time on Ice - Oilers

Lines # - Real PCT - Wanted PCT - Time Play
Normal Forward
1 - 29% - 35% - 14:39
2 - 25% - 30% - 12:53
3 - 25% - 30% - 12:52
4 - 20% - 5% - 10:19
Normal Defense
1 - 33% - 35% - 16:50
2 - 35% - 35% - 17:31
3 - 32% - 30% - 16:22
4 - 0% - 0% - 0:00
PP Forward
1 - 57% - 55% - 5:15
2 - 43% - 45% - 4:02
PP Defense
1 - 60% - 55% - 5:34
2 - 40% - 45% - 3:43
PK Forward
1 - 0% - 60%
2 - 0% - 40%
PK Defense
1 - 0% - 50%
2 - 0% - 50%
PK3 Forward
1 - 0% - 50%
2 - 0% - 50%
PK3 Defense
1 - 0% - 50%
2 - 0% - 50%
44 Forward
1 - 0% - 55%
2 - 0% - 45%
44 Defense
1 - 0% - 50%
2 - 0% - 50%
Last Minute Offensive  - 0:00
Last Minute Defensive  - 0:00
Total
Forward - 60:00
Defense - 60:00

Play by Play

1st period


0:01 of 1st period - Joe Thornton wins face-off versus Alexander Semin in neutral zone.
0:16 of 1st period - Wrist shot by Alexander Semin.
0:16 of 1st period - Shot Blocked by Dan Girardi.
0:22 of 1st period - Wrist shot by Patrick Sharp.
0:22 of 1st period - Shot Misses the Net.
0:24 of 1st period - Backhand shot by Kimmo Timonen.
0:24 of 1st period - Shot Misses the Net.
0:26 of 1st period - Wrist shot by Patrick Sharp.
0:26 of 1st period - Deflect By Nicklas Backstrom.
0:26 of 1st period - Shot Blocked by Drew Doughty.
0:26 of 1st period - Puck is out of play.
0:27 of 1st period - Alexander Steen wins face-off versus David Desharnais in MapleLeafs zone.
0:32 of 1st period - Alexander Edler is hit by James van Riemsdyk and loses puck.
0:47 of 1st period - Snap shot by Shane Doan.
0:47 of 1st period - Stopped by Cory Schneider with a rebound.
0:53 of 1st period - Slapshot by Shane Doan.
0:53 of 1st period - Shot Misses the Net.
1:01 of 1st period - Wrist shot by Andrew Ladd.
1:01 of 1st period - Shot Misses the Net.
1:21 of 1st period - Snap shot by Mikkel Boedker.
1:21 of 1st period - Shot Misses the Net.
1:23 of 1st period - Wrist shot by Mikkel Boedker.
1:23 of 1st period - Shot Blocked by Karl Alzner.
1:36 of 1st period - Slapshot by Mikkel Boedker.
1:36 of 1st period - Shot Misses the Net.
1:38 of 1st period - Wrist shot by Vladimir Sobotka.
1:38 of 1st period - Shot Misses the Net.
1:40 of 1st period - Snap shot by Vladimir Sobotka.
1:40 of 1st period - Deflect By Nick Bonino.
1:40 of 1st period - Stopped by Cory Schneider without a rebound.
1:41 of 1st period - Brandon Sutter wins face-off versus Nicklas Backstrom in MapleLeafs zone.
2:57 of 1st period - Wrist shot by Chris Kunitz.
2:57 of 1st period - Shot Hit the Post.
3:39 of 1st period - Karl Alzner is hit by David Schlemko and loses puck.
3:50 of 1st period - Wrist shot by Nick Bonino.
3:50 of 1st period - Stopped by Cory Schneider without a rebound.
3:51 of 1st period - Brandon Sutter wins face-off versus David Desharnais in MapleLeafs zone.
4:00 of 1st period - Wrist shot by Lee Stempniak.
4:00 of 1st period - Shot Misses the Net.
4:02 of 1st period - Slapshot by Karl Alzner.
4:02 of 1st period - Shot Misses the Net.
4:04 of 1st period - Wrist shot by Brandon Sutter.
4:04 of 1st period - Deflect By Lee Stempniak.
4:04 of 1st period - Stopped by Roberto Luongo with a rebound.
4:10 of 1st period - Snap shot by Lee Stempniak.
4:10 of 1st period - Stopped by Roberto Luongo without a rebound.
4:11 of 1st period - Brandon Sutter wins face-off versus David Desharnais in Oilers zone.
4:25 of 1st period - Minor Penalty to Jarred Tinordi for Tripping.
4:26 of 1st period - Nicklas Backstrom wins face-off versus Brandon Sutter in MapleLeafs zone.
5:03 of 1st period - Backhand shot by Patrick Sharp.
5:03 of 1st period - Shot Misses the Net.
5:13 of 1st period - Drew Doughty is hit by Andrew Ladd and loses puck.
5:30 of 1st period - Slapshot by Mikkel Boedker.
5:30 of 1st period - Shot Misses the Net.
5:32 of 1st period - Slapshot by Kimmo Timonen.
5:32 of 1st period - Shot Misses the Net.
5:34 of 1st period - Slapshot by Kimmo Timonen.
5:34 of 1st period - Deflect By Drew Doughty.
5:34 of 1st period - Stopped by Cory Schneider without a rebound.
5:35 of 1st period - Ryan Kesler wins face-off versus David Desharnais in MapleLeafs zone.
5:44 of 1st period - Snap shot by Shane Doan.
5:44 of 1st period - Stopped by Cory Schneider with a rebound.
5:46 of 1st period - Slapshot by Kimmo Timonen.
5:46 of 1st period - Shot Blocked by Carl Gunnarsson.
5:48 of 1st period - Slapshot by Kimmo Timonen.
5:48 of 1st period - Stopped by Cory Schneider with a rebound.
5:50 of 1st period - Snap shot by Mikkel Boedker.
5:50 of 1st period - Goal by Mikkel Boedker - MapleLeafs : 0 - Oilers : 1.
5:51 of 1st period - Joe Thornton wins face-off versus Nicklas Backstrom in neutral zone.
6:14 of 1st period - Slapshot by James Neal.
6:14 of 1st period - Shot Misses the Net.
6:46 of 1st period - Alexander Edler is hit by Matt Beleskey.
6:54 of 1st period - Jarred Tinordi is hit by Kimmo Timonen and loses puck.
7:07 of 1st period - Kimmo Timonen is hit by Carl Gunnarsson and loses puck.
7:28 of 1st period - Snap shot by Drew Doughty.
7:28 of 1st period - Stopped by Roberto Luongo with a rebound.
7:36 of 1st period - Snap shot by Ryan Kesler.
7:36 of 1st period - Shot Misses the Net.
7:38 of 1st period - Wrist shot by Dan Girardi.
7:38 of 1st period - Stopped by Roberto Luongo without a rebound.
7:39 of 1st period - David Desharnais wins face-off versus Brandon Sutter in Oilers zone.
9:29 of 1st period - Wrist shot by Patrick Sharp.
9:29 of 1st period - Deflect By Nicklas Backstrom.
9:29 of 1st period - Stopped by Cory Schneider with a rebound.
9:37 of 1st period - Slapshot by James Neal.
9:37 of 1st period - Deflect By Chris Kunitz.
9:37 of 1st period - Stopped by Roberto Luongo without a rebound.
9:38 of 1st period - Vladimir Sobotka wins face-off versus Ryan Kesler in Oilers zone.
9:38 of 1st period - Vladimir Sobotka is hit by Ryan Kesler.
10:05 of 1st period - Wrist shot by James van Riemsdyk.
10:05 of 1st period - Shot Blocked by Kimmo Timonen.
10:07 of 1st period - Wrist shot by Alexander Steen.
10:07 of 1st period - Shot Misses the Net.
10:09 of 1st period - Wrist shot by Ryan Kesler.
10:09 of 1st period - Stopped by Roberto Luongo with a rebound.
10:11 of 1st period - Snap shot by Ryan Kesler.
10:11 of 1st period - Shot Misses the Net.
10:13 of 1st period - Slapshot by Carl Gunnarsson.
10:13 of 1st period - Shot Misses the Net.
10:43 of 1st period - Andrew Ladd is hit by Jarred Tinordi and loses puck.
11:11 of 1st period - Snap shot by Joe Thornton.
11:11 of 1st period - Deflect By James Neal.
11:11 of 1st period - Shot Blocked by David Desharnais.
11:11 of 1st period - Puck is out of play.
11:12 of 1st period - Nicklas Backstrom wins face-off versus Chris Kunitz in Oilers zone.
12:08 of 1st period - Drew Doughty is hit by Trevor Lewis.
12:28 of 1st period - Slapshot by Ryan Kesler.
12:28 of 1st period - Stopped by Roberto Luongo without a rebound.
12:29 of 1st period - Zack Smith wins face-off versus Vladimir Sobotka in Oilers zone.
13:05 of 1st period - Snap shot by Mikkel Boedker.
13:05 of 1st period - Shot Misses the Net.
13:07 of 1st period - Slapshot by Kimmo Timonen.
13:07 of 1st period - Stopped by Cory Schneider with a rebound.
13:13 of 1st period - Minor Penalty to Matt Beleskey for Hooking.
13:14 of 1st period - Nicklas Backstrom wins face-off versus Ryan Kesler in MapleLeafs zone.
13:29 of 1st period - Snap shot by Patrick Sharp.
13:29 of 1st period - Shot Blocked by Ryan Kesler.
13:31 of 1st period - Snap shot by Nicklas Backstrom.
13:31 of 1st period - Goal by Nicklas Backstrom - MapleLeafs : 0 - Oilers : 2.
13:32 of 1st period - Joe Thornton wins face-off versus Nicklas Backstrom in neutral zone.
13:51 of 1st period - Slapshot by Patrick Sharp.
13:51 of 1st period - Shot Misses the Net.
13:53 of 1st period - Snap shot by Andrej Sekera.
13:53 of 1st period - Shot Blocked by Dan Girardi.
14:27 of 1st period - Snap shot by Ryan Kesler.
14:27 of 1st period - Stopped by Roberto Luongo with a rebound.
14:33 of 1st period - Karl Alzner is hit by Alexander Edler and loses puck.
15:08 of 1st period - Icing by Marc-Edouard Vlasic.
15:09 of 1st period - Vladimir Sobotka wins face-off versus Ryan Kesler in MapleLeafs zone.
15:10 of 1st period - Snap shot by Mikkel Boedker.
15:10 of 1st period - Shot Blocked by Karl Alzner.
15:12 of 1st period - Wrist shot by Raphael Diaz.
15:12 of 1st period - Shot Misses the Net.
15:14 of 1st period - Slapshot by Raphael Diaz.
15:14 of 1st period - Stopped by Cory Schneider with a rebound.
15:54 of 1st period - Snap shot by Drew Doughty.
15:54 of 1st period - Shot Blocked by Kimmo Timonen.
15:56 of 1st period - Slapshot by Drew Doughty.
15:56 of 1st period - Stopped by Roberto Luongo with a rebound.
16:14 of 1st period - Snap shot by James Neal.
16:14 of 1st period - Shot Blocked by Andrew MacDonald.
16:16 of 1st period - Slapshot by Dan Girardi.
16:16 of 1st period - Shot Blocked by Kimmo Timonen.
16:18 of 1st period - Slapshot by Drew Doughty.
16:18 of 1st period - Shot Blocked by Andrew MacDonald.
16:30 of 1st period - Wrist shot by James Neal.
16:30 of 1st period - Stopped by Roberto Luongo with a rebound.
16:44 of 1st period - Jarred Tinordi is hit by Vladimir Sobotka and loses puck.
17:49 of 1st period - Brandon Sutter is hit by Shane Doan and loses puck.
17:58 of 1st period - Snap shot by David Desharnais.
17:58 of 1st period - Stopped by Cory Schneider with a rebound.
18:16 of 1st period - Minor Penalty to Ryan Kesler for Roughing.
18:17 of 1st period - Nicklas Backstrom wins face-off versus Zack Smith in MapleLeafs zone.
18:18 of 1st period - Snap shot by Patrick Sharp.
18:18 of 1st period - Shot Misses the Net.
18:20 of 1st period - Slapshot by Andrew Ladd.
18:20 of 1st period - Goal by Andrew Ladd - MapleLeafs : 0 - Oilers : 3.
18:21 of 1st period - Nicklas Backstrom wins face-off versus Chris Kunitz in neutral zone.
18:30 of 1st period - Slapshot by Nicklas Backstrom.
18:30 of 1st period - Shot Misses the Net.
18:33 of 1st period - Icing by Drew Doughty.
18:34 of 1st period - James Neal wins face-off versus Nicklas Backstrom in MapleLeafs zone.
18:51 of 1st period - Snap shot by James Neal.
18:51 of 1st period - Shot Misses the Net.
18:53 of 1st period - Slapshot by Drew Doughty.
18:53 of 1st period - Shot Blocked by Nicklas Backstrom.
18:55 of 1st period - Slapshot by Dan Girardi.
18:55 of 1st period - Stopped by Roberto Luongo with a rebound.
19:37 of 1st period - James van Riemsdyk is hit by Shane Doan and loses puck.
Goals for this period are 0 for MapleLeafs vs 3 for Oilers.
Shots for this period are 11 for MapleLeafs vs 13 for Oilers.

2nd period


0:01 of 2nd period - Joe Thornton wins face-off versus Nicklas Backstrom in neutral zone.
0:28 of 2nd period - Wrist shot by Nicklas Backstrom.
0:28 of 2nd period - Stopped by Cory Schneider with a rebound.
1:20 of 2nd period - Wrist shot by James van Riemsdyk.
1:20 of 2nd period - Stopped by Roberto Luongo with a rebound.
2:01 of 2nd period - Slapshot by Andrew Ladd.
2:01 of 2nd period - Shot Misses the Net.
3:12 of 2nd period - Snap shot by Brad Richardson.
3:12 of 2nd period - Stopped by Cory Schneider with a rebound.
3:14 of 2nd period - Wrist shot by Darren Helm.
3:14 of 2nd period - Deflect By Trevor Lewis.
3:14 of 2nd period - Stopped by Cory Schneider without a rebound.
3:15 of 2nd period - Chris Kunitz wins face-off versus David Desharnais in MapleLeafs zone.
3:46 of 2nd period - Snap shot by Chris Kunitz.
3:46 of 2nd period - Shot Blocked by David Desharnais.
4:13 of 2nd period - Snap shot by Ryan Kesler.
4:13 of 2nd period - Stopped by Roberto Luongo without a rebound.
4:14 of 2nd period - Brad Richardson wins face-off versus Brandon Sutter in Oilers zone.
4:44 of 2nd period - Snap shot by Lee Stempniak.
4:44 of 2nd period - Shot Misses the Net.
4:46 of 2nd period - Snap shot by Jarred Tinordi.
4:46 of 2nd period - Shot Blocked by Brad Richardson.
5:08 of 2nd period - Vladimir Sobotka is hit by Carl Gunnarsson and loses puck.
6:40 of 2nd period - Joe Thornton is hit by Kimmo Timonen.
7:25 of 2nd period - Andrej Sekera is hit by Zack Smith.
8:29 of 2nd period - Wrist shot by Lee Stempniak.
8:29 of 2nd period - Shot Blocked by Brad Richardson.
8:31 of 2nd period - Snap shot by Karl Alzner.
8:31 of 2nd period - Goal by Karl Alzner - MapleLeafs : 1 - Oilers : 3.
8:32 of 2nd period - Joe Thornton wins face-off versus Nicklas Backstrom in neutral zone.
8:51 of 2nd period - Snap shot by Chris Kunitz.
8:51 of 2nd period - Stopped by Roberto Luongo with a rebound.
9:45 of 2nd period - Snap shot by Shane Doan.
9:45 of 2nd period - Shot Misses the Net.
10:34 of 2nd period - Slapshot by Vladimir Sobotka.
10:34 of 2nd period - Stopped by Cory Schneider with a rebound.
11:11 of 2nd period - Ryan Kesler is hit by Alexander Edler and loses puck.
11:52 of 2nd period - Wrist shot by Nicklas Backstrom.
11:52 of 2nd period - Stopped by Cory Schneider with a rebound.
12:06 of 2nd period - Andrew MacDonald is hit by Jarred Tinordi and loses puck.
12:29 of 2nd period - Snap shot by David Desharnais.
12:29 of 2nd period - Stopped by Cory Schneider with a rebound.
12:31 of 2nd period - Snap shot by Andrew Ladd.
12:31 of 2nd period - Stopped by Cory Schneider with a rebound.
12:55 of 2nd period - Ryan Kesler is hit by David Schlemko and loses puck.
13:20 of 2nd period - Wrist shot by Gregory Campbell.
13:20 of 2nd period - Shot Blocked by Nick Bonino.
13:22 of 2nd period - Snap shot by Brandon Sutter.
13:22 of 2nd period - Stopped by Roberto Luongo with a rebound.
13:51 of 2nd period - Icing by Karl Alzner.
13:52 of 2nd period - Brad Richardson wins face-off versus Joe Thornton in MapleLeafs zone.
14:03 of 2nd period - Brad Richardson is hit by James Neal.
14:46 of 2nd period - Slapshot by Patrick Sharp.
14:46 of 2nd period - Shot Misses the Net.
14:51 of 2nd period - Minor Penalty to James Neal for Hooking.
14:52 of 2nd period - Ryan Kesler wins face-off versus Nicklas Backstrom in MapleLeafs zone.
15:21 of 2nd period - Snap shot by Nicklas Backstrom.
15:21 of 2nd period - Stopped by Cory Schneider with a rebound.
15:23 of 2nd period - Slapshot by Andrew Ladd.
15:23 of 2nd period - Deflect By Alexander Semin.
15:23 of 2nd period - Goal by Alexander Semin - MapleLeafs : 1 - Oilers : 4.
15:24 of 2nd period - Zack Smith wins face-off versus David Desharnais in neutral zone.
15:29 of 2nd period - Slapshot by Drew Doughty.
15:29 of 2nd period - Shot Misses the Net.
15:37 of 2nd period - Dan Girardi is hit by Alexander Edler and loses puck.
15:46 of 2nd period - Slapshot by Drew Doughty.
15:46 of 2nd period - Stopped by Roberto Luongo with a rebound.
16:16 of 2nd period - Slapshot by James van Riemsdyk.
16:16 of 2nd period - Stopped by Roberto Luongo with a rebound.
16:24 of 2nd period - Ryan Kesler is hit by Andrew Ladd and loses puck.
17:07 of 2nd period - Snap shot by Lee Stempniak.
17:07 of 2nd period - Shot Blocked by Andrew MacDonald.
17:44 of 2nd period - Snap shot by Chris Kunitz.
17:44 of 2nd period - Stopped by Roberto Luongo with a rebound.
18:14 of 2nd period - Dan Girardi is hit by Nick Bonino and loses puck.
18:44 of 2nd period - David Schlemko is hit by Dan Girardi and loses puck.
19:31 of 2nd period - Trevor Lewis is hit by James van Riemsdyk and loses puck.
Goals for this period are 1 for MapleLeafs vs 1 for Oilers.
Shots for this period are 8 for MapleLeafs vs 9 for Oilers.

3rd period


0:01 of 3rd period - Nicklas Backstrom wins face-off versus Joe Thornton in neutral zone.
0:10 of 3rd period - Wrist shot by Patrick Sharp.
0:10 of 3rd period - Shot Blocked by Drew Doughty.
0:38 of 3rd period - Wrist shot by Patrick Sharp.
0:38 of 3rd period - Shot Blocked by Joe Thornton.
0:54 of 3rd period - Ryan Kesler is hit by Nick Bonino.
1:02 of 3rd period - Andrew MacDonald is hit by Ryan Kesler and loses puck.
1:21 of 3rd period - Wrist shot by Vladimir Sobotka.
1:21 of 3rd period - Shot Blocked by Karl Alzner.
1:37 of 3rd period - Snap shot by Andrew Ladd.
1:37 of 3rd period - Stopped by Cory Schneider with a rebound.
1:57 of 3rd period - Marc-Edouard Vlasic is hit by Shane Doan.
2:24 of 3rd period - Slapshot by Matt Beleskey.
2:24 of 3rd period - Shot Blocked by Trevor Lewis.
2:26 of 3rd period - Wrist shot by Dominic Moore.
2:26 of 3rd period - Deflect By Matt Beleskey.
2:26 of 3rd period - Shot Misses the Net.
2:26 of 3rd period - Puck is out of play.
2:27 of 3rd period - Zack Smith wins face-off versus Brad Richardson in Oilers zone.
3:39 of 3rd period - Minor Penalty to Jarred Tinordi for Tripping.
3:40 of 3rd period - David Desharnais wins face-off versus Brandon Sutter in MapleLeafs zone.
3:46 of 3rd period - Snap shot by David Desharnais.
3:46 of 3rd period - Stopped by Cory Schneider with a rebound.
3:48 of 3rd period - Snap shot by David Desharnais.
3:48 of 3rd period - Deflect By Mikkel Boedker.
3:48 of 3rd period - Shot Blocked by Dan Girardi.
3:48 of 3rd period - Puck is out of play.
3:49 of 3rd period - David Desharnais wins face-off versus Brandon Sutter in MapleLeafs zone.
4:20 of 3rd period - Slapshot by David Desharnais.
4:20 of 3rd period - Stopped by Cory Schneider with a rebound.
4:40 of 3rd period - Ryan Kesler is hit by Andrej Sekera and loses puck.
4:56 of 3rd period - Slapshot by Karl Alzner.
4:56 of 3rd period - Deflect By Alexander Semin.
4:56 of 3rd period - Stopped by Roberto Luongo with a rebound.
4:58 of 3rd period - Backhand shot by Carl Gunnarsson.
4:58 of 3rd period - Stopped by Roberto Luongo without a rebound.
4:59 of 3rd period - Brandon Sutter wins face-off versus Nicklas Backstrom in Oilers zone.
5:39 of 3rd period - Penalty to Jarred Tinordi is over, Jarred Tinordi is back on ice.
6:03 of 3rd period - Raphael Diaz is hit by Chris Kunitz and loses puck.
6:16 of 3rd period - Slapshot by Chris Kunitz.
6:16 of 3rd period - Shot Misses the Net.
6:24 of 3rd period - Snap shot by Chris Kunitz.
6:24 of 3rd period - Stopped by Roberto Luongo without a rebound.
6:25 of 3rd period - Zack Smith wins face-off versus Nicklas Backstrom in Oilers zone.
6:48 of 3rd period - Alexander Edler is hit by Zack Smith and loses puck.
7:17 of 3rd period - Kimmo Timonen is hit by Dan Girardi and loses puck.
7:26 of 3rd period - Dan Girardi is hit by Vladimir Sobotka and loses puck.
7:35 of 3rd period - Raphael Diaz is hit by Drew Doughty.
7:51 of 3rd period - Drew Doughty is hit by Shane Doan and loses puck.
8:17 of 3rd period - Jarred Tinordi is hit by David Schlemko and loses puck.
9:01 of 3rd period - Andrej Sekera is hit by Brandon Sutter and loses puck.
9:12 of 3rd period - Slapshot by Marc-Edouard Vlasic.
9:12 of 3rd period - Shot Misses the Net.
9:14 of 3rd period - Snap shot by Marc-Edouard Vlasic.
9:14 of 3rd period - Shot Misses the Net.
9:16 of 3rd period - Wrist shot by Brandon Sutter.
9:16 of 3rd period - Shot Blocked by Darren Helm.
9:18 of 3rd period - Snap shot by Brandon Sutter.
9:18 of 3rd period - Stopped by Roberto Luongo with a rebound.
9:44 of 3rd period - Snap shot by Nick Bonino.
9:44 of 3rd period - Shot Blocked by Karl Alzner.
10:12 of 3rd period - Wrist shot by Nicklas Backstrom.
10:12 of 3rd period - Shot Blocked by Matt Beleskey.
10:14 of 3rd period - Snap shot by Andrew MacDonald.
10:14 of 3rd period - Shot Misses the Net.
10:16 of 3rd period - Snap shot by Raphael Diaz.
10:16 of 3rd period - Shot Misses the Net.
10:50 of 3rd period - Jarred Tinordi is hit by Shane Doan and loses puck.
10:55 of 3rd period - Wrist shot by David Desharnais.
10:55 of 3rd period - Stopped by Cory Schneider with a rebound.
12:14 of 3rd period - Major / Game Misconduct Penalty to Carl Gunnarsson for Head-butting.
12:14 of 3rd period - Carl Gunnarsson is ejected from game.
12:15 of 3rd period - Ryan Kesler wins face-off versus Nicklas Backstrom in MapleLeafs zone.
12:33 of 3rd period - Wrist shot by Nicklas Backstrom.
12:33 of 3rd period - Shot Blocked by Brandon Sutter.
13:09 of 3rd period - Vladimir Sobotka is hit by Drew Doughty.
13:21 of 3rd period - Karl Alzner is hit by Kimmo Timonen and loses puck.
13:55 of 3rd period - Patrick Sharp is hit by Alexander Steen and loses puck.
14:06 of 3rd period - Gregory Campbell is hit by Andrew Ladd and loses puck.
14:56 of 3rd period - Drew Doughty is hit by Patrick Sharp and loses puck.
15:07 of 3rd period - Kimmo Timonen is hit by Drew Doughty and loses puck.
16:36 of 3rd period - Off-side.
16:37 of 3rd period - Zack Smith wins face-off versus Darren Helm in neutral zone.
16:42 of 3rd period - Snap shot by Chris Kunitz.
16:42 of 3rd period - Stopped by Roberto Luongo without a rebound.
16:43 of 3rd period - Zack Smith wins face-off versus Darren Helm in Oilers zone.
17:14 of 3rd period - Penalty to Carl Gunnarsson is over, James Neal is send on ice.
17:14 of 3rd period - Snap shot by Shane Doan.
17:14 of 3rd period - Shot Misses the Net.
17:16 of 3rd period - Slapshot by Andrew Ladd.
17:16 of 3rd period - Stopped by Cory Schneider with a rebound.
17:44 of 3rd period - Wrist shot by James Neal.
17:44 of 3rd period - Stopped by Roberto Luongo without a rebound.
17:45 of 3rd period - Vladimir Sobotka wins face-off versus Joe Thornton in Oilers zone.
18:16 of 3rd period - Wrist shot by Dominic Moore.
18:16 of 3rd period - Stopped by Roberto Luongo with a rebound.
18:18 of 3rd period - Slapshot by Drew Doughty.
18:18 of 3rd period - Deflect By Matt Beleskey.
18:18 of 3rd period - Stopped by Roberto Luongo with a rebound.
18:20 of 3rd period - Slapshot by Drew Doughty.
18:20 of 3rd period - Stopped by Roberto Luongo with a rebound.
18:22 of 3rd period - Slapshot by Dan Girardi.
18:22 of 3rd period - Deflect By Dominic Moore.
18:22 of 3rd period - Stopped by Roberto Luongo with a rebound.
18:24 of 3rd period - Slapshot by Dominic Moore.
18:24 of 3rd period - Stopped by Roberto Luongo without a rebound.
18:25 of 3rd period - Brad Richardson wins face-off versus Zack Smith in Oilers zone.
18:45 of 3rd period - Slapshot by Darren Helm.
18:45 of 3rd period - Shot Misses the Net.
18:47 of 3rd period - Slapshot by Andrew MacDonald.
18:47 of 3rd period - Shot Blocked by Jarred Tinordi.
18:49 of 3rd period - Slapshot by Kimmo Timonen.
18:49 of 3rd period - Stopped by Cory Schneider with a rebound.
19:55 of 3rd period - Snap shot by James Neal.
19:55 of 3rd period - Stopped by Roberto Luongo with a rebound.
19:57 of 3rd period - Snap shot by Karl Alzner.
19:57 of 3rd period - Shot Misses the Net.
19:59 of 3rd period - Slapshot by Karl Alzner.
19:59 of 3rd period - Stopped by Roberto Luongo with a rebound.
Goals for this period are 0 for MapleLeafs vs 0 for Oilers.
Shots for this period are 13 for MapleLeafs vs 6 for Oilers.


Output by the SimonT Hockey Simulator (STHS) for Eric Dolegowski -- Original Page W3C XHTML 1.0 Valid
Hockey Simulator - Hockey Simulation - Hockey Manager